 Dungeon Crawl Stone Soup version 0.31-a0-986-g5e6e4ef867 (webtiles) character file.

Game seed: 8055734529506949785

386 Persephone the Changeling (level 6, -2/54 HPs)
             Began as a Troll Shapeshifter on Nov 23, 2023.
             Slain by an orc
             ... wielding a +0 flail
              (5 damage)
             ... on level 4 of the Dungeon.
             The game lasted 00:07:55 (2653 turns).

Persephone the Changeling (Troll Shapeshifter)      Turns: 2653, Time: 00:07:56

Health: -2/54      AC:  4    Str: 25    XL:     6   Next: 48%
Magic:  5/5        EV:  9    Int:  6    God:
Gold:   109        SH:  0    Dex:  9    Spells: 5/5 levels left

rFire   . .          .
                       - Unarmed
rCold   . . .        (no shield)
rNeg    . . .        a - +0 animal skin
rPois   .            (helmet currently unavailable)
rElec   .            (cloak currently unavailable)
rCorr   .            (gloves unavailable)
SInv    .            (boots unavailable)
Will    .....        (no amulet)
Stlth   +            (no ring)
HPRegen 1.09/turn    (no ring)
MPRegen 0.09/turn

%: no passive effects
@: mighty, beast-form, on berserk cooldown, slowed, very slow
A: beast (slay +3), large, unfitting armour, claws 3, regeneration 1, shaggy fur
1, tough skin 1
a: Begin Untransformation


You were on level 4 of the Dungeon.
You were a hulking beast.
You visited 1 branch of the dungeon, and saw 4 of its levels.

You collected 109 gold pieces.

Inventory:

Armour
 a - a +0 animal skin (worn)
Talismans
 c - a beast talisman (active)
 d - a flux talisman
Scrolls
 g - 3 scrolls of fog {unknown}
 h - a scroll of summoning {unknown}
 j - a scroll of torment {unknown}
 k - 5 scrolls of identify
 l - a scroll of teleportation {unknown}
 o - a scroll of blinking {unknown}
Potions
 f - a potion of berserk rage
 i - a potion of might
 m - a potion of degeneration {unknown}
 n - a potion of magic {unknown}
 p - a potion of enlightenment {unknown}
 q - a potion of heal wounds {unknown}


   Skills:
 - Level 0.7 Fighting
 - Level 1.5 Dodging
 + Level 4.9 Unarmed Combat
 * Level 5.8 Shapeshifting


You had 5 spell levels left.
You didn't know any spells.
Your spell library contained the following spells:

 Spells                   Type           Power      Damage    Failure   Level
 Summon Small Mammal      Summ           0%         N/A       45%         1
 Call Canine Familiar     Summ           0%         N/A       83%         3
 Frozen Ramparts          Ice            0%         1d1       83%         3
 Gell's Gravitas          Tloc           0%         N/A       83%         3
 Summon Guardian Golem    Hex/Summ       0%         N/A       83%         3
 Teleport Other           Tloc           0%         N/A       83%         3
 Petrify                  Tmut/Erth      0%         N/A       99%         4
 Metabolic Englaciation   Hex/Ice        0%         N/A       100%        5
 Dispersal                Tloc           0%         N/A       100%        6


Dungeon Overview and Level Annotations

Branches:
Dungeon (4/15)
 Temple: D:4-7

Altars:

Shops:
D:3 =

Annotations:
D:3 3 runed translucent doors, dialectric's ghost, amateur TrSh; sammy202020's ghost, weakling DsSh


Innate Abilities, Weirdness & Mutations

You are a hulking beast.
Your limbs bulge with bestial killing power. (Slay +3)
You are too large for most types of armour.
You have claws for hands.
Your natural rate of healing is unusually fast.
You are covered in fur. (AC +1)
You have tough skin. (AC +1)


Message History

You feel yourself slow down.
Okay, then.
Things that are here:
a +0 club; a gnoll corpse You barely miss the orc.
The orc barely misses you. The orc attacks as it pursues you!
The orc completely misses you.
Things that are here:
a +0 club; a gnoll corpse You scratch the orc.
The orc is severely wounded.
The orc closely misses you. The orc hits you with a +0 flail!
The orc attacks as it pursues you! The orc completely misses you.
The orc attacks as it pursues you! The orc hits you with a +0 flail.
You scratch the orc.
The orc is lightly wounded.
The orc hits you with a +0 flail. x2; The orc hits you but does no damage.
The orc attacks as it pursues you! The orc hits you with a +0 flail!
* * * LOW HITPOINT WARNING * * *
The orc closely misses you. The orc barely misses you.
You claw the orc!
You kill the orc!
The orc hits you but does no damage. The orc closely misses you.
You claw the orc!
You kill the orc!
The orc hits you with a +0 flail!
* * * LOW HITPOINT WARNING * * *
The orc barely misses you. The orc hits you with a +0 flail.
* * * LOW HITPOINT WARNING * * *
You don't know any spells.
It was a potion of might.
You feel very mighty all of a sudden. The orc closely misses you.
The orc hits you with a +0 flail.
* * * LOW HITPOINT WARNING * * *
The orc closely misses you.
Okay, then.
You barely miss the orc.
The orc is lightly wounded.
The orc closely misses you. The orc hits you with a +0 flail.
You die...

. #..........#
#.#..........#
#.....#.###)##
####....# #.#
#....# #.##
#....# ...
#####.#..##.##
............#
###....oh.###
#...#.)o..#
..###..##......
# #.)# ##....
######))# ###..
......).#####.#
.
#####.))).....##
##..#.oo...##
#..#.......#


You could see 2 orcs.

Vanquished Creatures
  An ogre (D:4)
  A gnoll bouda (D:4)
  Terence (D:3)
  An iguana (D:4)
  9 gnolls
  7 adders
  A worm (D:3)
  A dart slug (D:1)
  5 orcs
  7 ball pythons
  An endoplasm (D:4)
  A giant cockroach (D:2)
  7 goblins
  6 hobgoblins
  2 jackals (D:3)
  3 quokkas
  4 bats
  3 frilled lizards
  9 kobolds
  5 rats
75 creatures vanquished.

Notes
Turn   | Place    | Note
-------+----------+-------------------------------------------
     0 | D:1      | Persephone the Troll Shapeshifter began the quest for the
                  | Orb.
     0 | D:1      | Reached XP level 1. HP: 18/18 MP: 0/0
   279 | D:1      | Reached XP level 2. HP: 26/26 MP: 1/1
   914 | D:2      | Reached XP level 3. HP: 30/32 MP: 2/2
   973 | D:2      | Reached skill level 4 in Shapeshifting
  1148 | D:2      | Reached XP level 4. HP: 40/40 MP: 3/3
  1752 | D:3      | Noticed Terence
  1757 | D:3      | Killed Terence
  1801 | D:3      | Reached XP level 5. HP: 40/46 MP: 4/4
  1941 | D:3      | Found Gufoobou's Jewellery Shoppe.
  1980 | D:3      | Found a runed translucent gate.
  1980 | D:3      | Found a runed translucent gate.
  1981 | D:3      | Found a runed translucent gate.
  1982 | D:3      | Noticed sammy202020's ghost (weakling DsSh)
  1982 | D:3      | Noticed dialectric's ghost (amateur TrSh)
  2166 | D:3      | Reached skill level 5 in Shapeshifting
  2526 | D:4      | Identified the of Bosas
  2582 | D:4      | Reached XP level 6. HP: 47/54 MP: 5/5
  2652 | D:4      | HP: 2/54 [orc/+0 flail (6)]
  2653 | D:4      | Slain by an orc

Illustrated notes

Levels and vault maps discovered:
D:1:      lemuel_arrival_broad_hall, layout_loops_corners
D:2:      layout_basic, minmay_domino_4
D:3:      layout_rooms, serial_shops, nicolae_shop_rolling_square,
          gammafunk_ghost_cemetery, chequers_big_river, uniq_terence
D:4:      layout_rooms, tgw_sif, gammafunk_ghost_mausoleum, uniq_natasha

Skill      XL: |  1  2  3  4  5 |
---------------+----------------+-----
Shapeshifting  | 4 5 |  5.8
Unarmed Combat | 4 |  4.9
Fighting       | |  0.7
Dodging        | |  1.5

Action                     |  1- 3 |  4- 6 || total
---------------------------+-------+-------++-------
  Melee: Unarmed           |    69 |   116 ||   185
         Punch             |     3 |     4 ||     7
Ability: Begin Untransform |       |     1 ||     1
    Use: Scroll            |     3 |       ||     3
         Potion            |       |     4 ||     4
   Stab: Sleeping          |     1 |       ||     1
 Armour: Animal skin       |    44 |    73 ||   117
         Skin              |       |    70 ||    70
  Dodge: Dodged            |    27 |    49 ||    76
   Form: Beast             |       |     1 ||     1

Table legend: (Time is in decaauts)
 A = Elapsed time spent in this place.
 B = Non-inter-level travel time spent in this place.
 C = Inter-level travel time spent in this place.
 D = Time resting spent in this place.
 E = Time spent auto-exploring this place.
 F = Levels seen in this place.
 G = Mean time per level.
                   A        B        C        D        E       F      G
               +--------+--------+--------+--------+--------+-----+--------+
         Total |   2646 |   2423 |    223 |      0 |   1905 |   4 |  661.5 |
       Dungeon |   2646 |   2423 |    223 |      0 |   1905 |   4 |  661.5 |
               +--------+--------+--------+--------+--------+-----+--------+

Top non-repeatable levels by time:
     D:1: 909 daAuts
     D:3: 898 daAuts
     D:2: 709 daAuts
     D:4: 129 daAuts
